 Dungeon Crawl Stone Soup version 0.30.0-17-ge0270778cf (webtiles) character file.

Game seed: 2589142766201392222

86 PlovVkusni the Shooter (level 4, -2/26 HPs)
             Began as a Kobold Hexslinger on May 22, 2023.
             Frozen to death by an endoplasm (5 damage)
             ... on level 3 of the Dungeon.
             The game lasted 00:22:55 (2439 turns).

PlovVkusni the Shooter (Kobold Hexslinger)          Turns: 2439, Time: 00:22:55

Health: -2/26      AC:  5    Str:  7    XL:     4   Next: 77%
Magic:  3/5        EV: 17    Int: 14    God:
Gold:   184        SH:  0    Dex: 17    Spells: 1/5 levels left

rFire   . . .        m - +2 whip (flame)
rCold   . . .        (no shield)
rNeg    . . .        r - +0 ring mail
rPois   .            (no helmet)
rElec   .            (no cloak)
rCorr   .            (no gloves)
SInv    .            (no boots)
Will    .....        (no amulet)
Stlth   ++           l - +5 ring of evasion
HPRegen 0.24/turn    (no ring)
MPRegen 0.09/turn

%: no passive effects
@: no status effects
A: small, no large weapons, nightstalker 3
a: no special abilities


You were on level 3 of the Dungeon.
You visited 1 branch of the dungeon, and saw 3 of its levels.

You collected 184 gold pieces.

Inventory:

Hand Weapons
 a - a +1 sling
 m - a +2 whip of flaming (weapon)
Missiles
 e - 38 stones
 g - 2 boomerangs
 n - a throwing net
 o - 2 poisoned darts
Armour
 q - a +0 leather armour
 r - a +0 ring mail (worn)
Jewellery
 l - a +5 ring of evasion (left hand)
Scrolls
 f - a scroll of blinking
 k - a scroll of teleportation {unknown}
 p - a scroll of enchant armour {unknown}
Potions
 c - a potion of curing {unknown}
 d - a potion of attraction {unknown}
 h - 3 potions of flight {unknown}
 i - 2 potions of haste {unknown}
 j - 2 potions of heal wounds {unknown}


   Skills:
 + Level 1.8 Fighting
 + Level 0.3 Short Blades
 + Level 4.7 Ranged Weapons
 + Level 2.8 Dodging
 + Level 0.5 Stealth
 + Level 1.3 Spellcasting
 + Level 3.4 Hexes


You had one spell level left.
You knew the following spells:

 Your Spells              Type           Power      Damage    Failure   Level
a - Slow                  Hex            40%        N/A       22%         1
b - Confusing Touch       Hex            10%        N/A       54%         3

Your spell library contained the following spells:

 Spells                   Type           Power      Damage    Failure   Level
 Tukima's Dance           Hex            10%        N/A       54%         3
 Inner Flame              Hex/Fire       5%         N/A       80%         3
 Portal Projectile        Hex/Tloc       10%        N/A       80%         3
 Cause Fear               Hex            5%         N/A       91%         4
 Vampiric Draining        Necr           0%         2d6       95%         3
 Blade Hands              Tmut           0%         N/A       100%        5


Dungeon Overview and Level Annotations

Branches:
Dungeon (3/15)

Altars:
Ashenzari

Annotations:
D:3 1 runed translucent door, Crazy Yiuf


Innate Abilities, Weirdness & Mutations

You are small and have problems with some larger weapons.
You are completely attuned to the shadows.


Message History

You hit Jessica. You burn Jessica.
Jessica is almost dead.
Jessica gestures at you while chanting.
You barely resist. The hobgoblin closely misses you. The endoplasm hits you.
You closely miss Jessica.
Jessica is almost dead.
The hobgoblin completely misses you. The endoplasm closely misses you.
Jessica hits you with a +0 club.
You hit Jessica. You burn Jessica.
You kill Jessica!
The bat seems less confused.
The bat closely misses you. The endoplasm freezes you.
You are frozen.
* * * LOW HITPOINT WARNING * * *
The hobgoblin hits you but does no damage.
The air fills with toxic fumes!
As you read the scroll of poison, it crumbles to dust.
The bat hits you but does no damage. The bat barely misses you.
The endoplasm hits you but does no damage.
The hobgoblin hits you.
* * * LOW HITPOINT WARNING * * *
Unknown command.
You closely miss the bat. The bat closely misses you.
The bat barely misses you. The endoplasm hits you.
* * * LOW HITPOINT WARNING * * *
The hobgoblin closely misses you. The bat closely misses you.
Really walk into that cloud of poison gas?
Okay, then.
Blink to where?
Press: ? - help, Dir - move target
Okay, then.
You hit the bat. You burn the bat.
The bat is severely wounded.
The bat hits you but does no damage. The endoplasm completely misses you.
The hobgoblin closely misses you. The bat misses you.
You hit the bat. You burn the bat.
You kill the bat!
The endoplasm freezes you.
You are frozen.
You die...

#.# #.#
#####.###
#.......#
#§§#§#§.#
§§#§§§#...
.§§§§§#...
###§§§# .#
⌠.##@##.⌠
§§§J)g§§§
#§§§§§§§#
#§§§§§§§§
+§§§§§§§+
#...$...#


You could see an endoplasm and a hobgoblin.

Vanquished Creatures
  Jessica (D:3)
  An adder (D:2)
  8 bats
  3 endoplasms
  A giant cockroach (D:1)
  2 goblins (D:2)
  8 hobgoblins
  5 ball pythons
  8 frilled lizards
  10 kobolds
  6 rats
53 creatures vanquished.

Notes
Turn   | Place    | Note
-------+----------+-------------------------------------------
     0 | D:1      | PlovVkusni the Kobold Hexslinger began the quest for the
                  | Orb.
     0 | D:1      | Reached XP level 1. HP: 12/12 MP: 2/2
    76 | D:1      | Reached skill level 3 in Ranged Weapons
   174 | D:1      | Reached XP level 2. HP: 12/16 MP: 3/3
   463 | D:1      | Reached XP level 3. HP: 13/20 MP: 4/4
  1794 | D:2      | Reached skill level 4 in Ranged Weapons
  1794 | D:2      | Reached XP level 4. HP: 24/25 MP: 5/5
  2328 | D:3      | Learned a level 3 spell: Confusing Touch
  2361 | D:3      | Found a runed translucent door.
  2364 | D:3      | Noticed Crazy Yiuf
  2425 | D:3      | Noticed Jessica
  2426 | D:3      | Found a broken altar of Ashenzari.
  2435 | D:3      | Killed Jessica
  2439 | D:3      | Frozen to death by an endoplasm

Illustrated notes

Levels and vault maps discovered:
D:1:      matt_arrival_grand_opening, layout_basic, dreamdust_wishing_well
D:2:      layout_loops_ring, grunt_ministairs_11
D:3:      layout_loops_ring, evilmike_ruin_ashenzari, gammafunk_ghost_grave,
          uniq_crazy_yiuf_cottage, uniq_jessica, uniq_robin

Skill      XL: |  1  2  3 |
---------------+----------+-----
Ranged Weapons | 3 4 |  4.7
Fighting       | |  1.8
Short Blades   | |  0.3
Dodging        | |  2.8
Stealth        | |  0.5
Spellcasting   | |  1.3
Hexes          | |  3.4

Action                     |  1- 3 |  4- 6 || total
---------------------------+-------+-------++-------
  Melee: Short sword       |    28 |       ||    28
         Whip              |    11 |    10 ||    21
         Punch             |     1 |       ||     1
   Fire: Sling             |   112 |    12 ||   124
   Cast: Slow              |     7 |     4 ||    11
         Confusing Touch   |       |     1 ||     1
    Use: Scroll            |       |     2 ||     2
   Stab: Sleeping          |     1 |     1 ||     2
 Armour: Robe              |    17 |       ||    17
         Leather armour    |     2 |     2 ||     4
         Ring mail         |       |     8 ||     8
  Dodge: Dodged            |    96 |    29 ||   125
